AoeStats
← Caronte

Arena

510636387Analyzed
3v3 RM · 24h ago on Oct 1, 2026· 36m 52s· 6 players
Game mode
Random Map
Map size
Normal (6 player)
Population
200
Speed
Normal
Resources
Standard
Victory
Conquest
Starting age
Dark Age
Ending age
Imperial Age
RankedLock teamsTeams togetherTeam positionsShared explorationLock speedFull tech treeHidden civsTurbo modeCheats
Victory
Defeat
🇺🇸 Franks · United States
970
+16
🇺🇸 Italians · United States
950
+17
🇺🇸 Poles · United States
944
+17
🇨🇴 Varangians · Colombia
992
-19
986
-17
🇦🇷 Ethiopians · Argentina
914
-14
X SaLtEdNuTs X
11:28 Feudal Age
15:16 Castle Age
14:23 Double-Bit Axe
15:19 Wheelbarrow
21:29 Bow Saw
27:12 Hand Cart
29:48 Imperial Age
28:00 Horse Collar
28:52 Ballistics
31:44 Chemistry
32:17 Two-Man Saw
31:23 Heavy Plow
31:17 Gold Mining
37:17 Pirotechnia
X SaLtEdDiZzY X
11:01 Feudal Age
9:50 Loom
15:55 Castle Age
14:45 Double-Bit Axe
16:47 Husbandry
21:16 Bow Saw
21:13 Gold Mining
23:31 Forging
25:16 Scale Barding Armor
26:45 Gold Shaft Mining
29:44 Wheelbarrow
31:00 Iron Casting
31:04 Hand Cart
32:38 Chain Barding Armor
33:01 Caravan
35:45 Scale Mail Armor
39:44 Imperial Age
X SaLtEdTlTs X
12:15 Feudal Age
14:35 Loom
18:07 Castle Age
17:46 Double-Bit Axe
17:45 Horse Collar
18:22 Gold Mining
25:32 Szlachta Privileges
32:18 Bow Saw
32:44 Heavy Plow
luismjchan
10:32 Feudal Age
11:24 Horse Collar
11:32 Double-Bit Axe
victor.rodrigo159753
11:58 Feudal Age
13:29 Wheelbarrow
13:09 Horse Collar
19:12 Castle Age
20:01 Double-Bit Axe
20:21 Heavy Plow
25:38 Imperial Age
25:08 Chemistry
25:34 Hand Cart
28:35 Pikeman
31:05 Halberdier
34:26 Ballistics
34:57 Forging
34:48 Scale Mail Armor
35:17 Fortified Wall
35:15 Murder Holes
34:44 Elite Skirmisher
36:29 Bow Saw
Caronte
9:43 Feudal Age
11:20 Wheelbarrow
10:33 Double-Bit Axe
10:32 Horse Collar
17:53 Castle Age
16:27 Stone Mining
16:27 Gold Mining
18:33 Padded Archer Armor
18:52 Hand Cart
20:08 Bow Saw
20:31 Town Watch
21:39 Squires
23:19 Crossbowman
24:51 Fletching
27:02 Leather Archer Armor
Connection lost

Rejoining the realm…

Still unreachable

The connection could not be restored.

Session expired

The server has moved on; the page needs a fresh start.